 Dungeon Crawl Stone Soup version 0.31-a0-202-g547052bce9 (webtiles) character file.

Game seed: 18435957740021549934

107 qw the Skirmisher (level 4, -3/25 HPs)
             Began as a Deep Elf Hunter on June 26, 2023.
             Slain by a water moccasin (6 damage)
             ... on level 6 of the Dungeon.
             The game lasted 00:00:39 (1882 turns).

qw the Skirmisher (Deep Elf Hunter)                 Turns: 1882, Time: 00:00:39

Health: -3/25      AC:  7    Str: 10    XL:     4   Next: 56%
Magic:  6/6        EV:  9    Int: 14    God:
Gold:   127        SH:  0    Dex: 18    Spells: 3/3 levels left

rFire   . . .        Y - +0 shortbow
rCold   . . .        (shield currently unavailable)
rNeg    . . .        a - +0 scale mail
rPois   .            (no helmet)
rElec   .            (no cloak)
rCorr   .            g - +0 pair of gloves
SInv    .            (no boots)
Will    .....        (no amulet)
Stlth   +            (no ring)
HPRegen 0.24/turn    (no ring)
MPRegen 0.10/turn

%: no passive effects
@: lethally poisoned (-3 -> -14)
A: no striking features
a: no special abilities


You were on level 6 of the Dungeon.
You visited 1 branch of the dungeon, and saw 4 of its levels.

You collected 127 gold pieces.


   Skills:
 - Level 1.5 Fighting
 + Level 8.0 Ranged Weapons
 - Level 2.4 Dodging
 - Level 1.2 Stealth


You had 3 spell levels left.
You didn't know any spells.
Your spell library was empty.

Inventory:

Hand Weapons
 Y - a +0 shortbow (weapon)
Armour
 a - a +0 scale mail (worn)
 g - a +0 pair of gloves (worn)
Jewellery
 f - an amulet of reflection
Scrolls
 b - a scroll of blinking {unknown}
 e - a scroll of enchant weapon {unknown}
Potions
 c - a potion of invisibility {unknown}
 d - a potion of heal wounds {unknown}
 h - a potion of curing {unknown}
 i - a potion of haste {unknown}

Dungeon Overview and Level Annotations

Branches:
Dungeon (6/15)
 Temple: D:4-7

Altars:

Shops:
D:1 [!


Message History

The shadow imp is moderately wounded.
You shoot an arrow. The arrow barely misses the shadow imp.
You shoot an arrow. The arrow hits the shadow imp.
The shadow imp is severely wounded.
You shoot an arrow.
The arrow hits the shadow imp but does no damage.
The shadow imp is severely wounded.
You shoot an arrow. The arrow hits the shadow imp.
You kill the shadow imp!
Your Ranged Weapons skill increases to level 8!
You now have 127 gold pieces (gained 8).
A water moccasin comes into view.
The water moccasin hisses angrily.
Enter note: You shoot an arrow.
The arrow hits the water moccasin.
The water moccasin is moderately wounded.
You shoot an arrow. The arrow misses the water moccasin.
You shoot an arrow.
The arrow closely misses the water moccasin.
The water moccasin barely misses you.
You shoot an arrow. The arrow hits the water moccasin.
The water moccasin is moderately wounded.
The water moccasin bites you but does no damage.
The water moccasin bites you.
You are poisoned.
The water moccasin poisons you!
You shoot an arrow. The arrow hits the water moccasin!
The water moccasin is severely wounded.
You feel very sick. The water moccasin bites you.
You are lethally poisoned!
The water moccasin poisons you! The water moccasin bites you.
You shoot an arrow.
The arrow barely misses the water moccasin.
You feel extremely sick. The water moccasin bites you.
The water moccasin barely misses you.
You shoot an arrow. The arrow misses the water moccasin.
You feel very sick. The water moccasin bites you.
You die...

## #. # .... #. .#
#.....##.#########.####
#......................
#......................
#......................
#..............@.......
#...............S......
#..................$...
#..................?..
#..[..................
#.............?.......
#.............[.......
#.....................
#................


You could see a water moccasin.

Vanquished Creatures
  An orc priest (D:3)
  An adder (D:3)
  A shadow imp (D:6)
  A dart slug (D:3)
  A worm (D:2)
  3 orcs (D:3)
  2 endoplasms
  3 giant cockroaches
  3 goblins
  2 hobgoblins (D:2)
  8 jackals
  A quokka (D:2)
  8 ball pythons
  6 bats (D:1)
  2 frilled lizards (D:2)
  A kobold (D:2)
  6 rats
50 creatures vanquished.

Notes
Turn   | Place    | Note
-------+----------+-------------------------------------------
     0 | D:1      | qw the Deep Elf Hunter began the quest for the Orb.
     0 | D:1      | Reached XP level 1. HP: 12/12 MP: 3/3
     0 | D:1      | 0 ||| qw: Version: 0.3-a-22-g0ed2b0b
     0 | D:1      | 0 ||| qw: Game counter: 6072
     0 | D:1      | 0 ||| qw: Melee chars always use a shield: true
     0 | D:1      | 0 ||| qw: God list: Okawaru
     0 | D:1      | 0 ||| qw: Allow faded altars: false
     0 | D:1      | 0 ||| qw: Do Orc after clearing Dungeon:15 true
     0 | D:1      | 0 ||| qw: Do second Lair branch before Depths: true
     0 | D:1      | 0 ||| qw: Lair rune preference: random
     0 | D:1      | 0 ||| qw: Goals: Normal
     0 | D:1      | 0 ||| PLANNING D:1-11
     3 | D:1      | Found Elibbim's Distillery.
    12 | D:1      | 12 ||| SHOPLISTING potion of curing (33 gold, have 0).
    12 | D:1      | 12 ||| SHOPLISTING potion of might (44 gold, have 0).
    12 | D:1      | 12 ||| SHOPLISTING potion of mutation (88 gold, have 0).
   165 | D:1      | Found a faded altar of an unknown god.
   204 | D:1      | Reached XP level 2. HP: 16/16 MP: 4/4
   225 | D:1      | Reached skill level 6 in Ranged Weapons
   310 | D:1      | 310 ||| UPGRADING to +0 pair of gloves.
   520 | D:1      | Found Esifubbo's Antique Armour Shoppe.
   525 | D:1      | 525 ||| SHOPLISTING glowing ring mail (175 gold, have 33).
   525 | D:1      | 525 ||| SHOPLISTING glowing scale mail (175 gold, have 33).
   525 | D:1      | 525 ||| SHOPLISTING helmet (112 gold, have 33).
   525 | D:1      | 525 ||| SHOPLISTING ring mail (100 gold, have 33).
   525 | D:1      | 525 ||| SHOPLISTING runed robe (92 gold, have 33).
   648 | D:1      | 648 ||| READING scroll labelled MOUMNIUL GOMODABB.
   649 | D:1      | 649 ||| READING scroll labelled FAHIED LODOU.
   650 | D:1      | 650 ||| READING scroll labelled NIFARO YSSODA.
   651 | D:1      | 651 ||| DROPPING scroll of butterflies.
   833 | D:2      | Reached XP level 3. HP: 15/20 MP: 5/5
  1165 | D:2      | 1165 ||| FLEEEEING.
  1166 | D:2      | 1166 ||| FLEEEEING.
  1167 | D:2      | 1167 ||| FLEEEEING.
  1454 | D:2      | 1454 ||| UPGRADING to +0 scale mail.
  1464 | D:2      | 1464 ||| DROPPING +0 leather armour.
  1496 | D:3      | Reached skill level 7 in Ranged Weapons
  1827 | D:3      | Reached XP level 4. HP: 25/25 MP: 6/6
  1853 | D:3      | You fall into a shaft and drop 3 floors!
  1869 | D:6      | Reached skill level 8 in Ranged Weapons
  1875 | D:6      | Noticed a water moccasin
  1882 | D:6      | HP: 3/25 [poisoned by a water moccasin]
  1882 | D:6      | Slain by a water moccasin

Levels and vault maps discovered:
D:1:      minmay_arrival_arboretum_small, layout_basic, serial_shops, shop,
          nicolae_shop_hallway_stairs, nicolae_ecumenical_lake_church,
          minmay_small_reverse_x
D:2:      layout_basic
D:3:      layout_basic
D:6:      layout_basic, gammafunk_ghost_arena, minmay_fractal_squares_gapless_5,
          uniq_sigmund

Skill      XL: |  1  2  3  4 |
---------------+-------------+-----
Ranged Weapons | 6 7 8 |  8.0
Fighting       | |  1.5
Dodging        | |  2.4
Stealth        | |  1.2

Action                     |  1- 3 |  4- 6 || total
---------------------------+-------+-------++-------
   Fire: Shortbow          |   122 |    17 ||   139
    Use: Scroll            |     3 |       ||     3
 Armour: Leather armour    |    13 |       ||    13
         Scale mail        |     5 |     3 ||     8
  Dodge: Dodged            |    43 |     2 ||    45

Table legend:
 A = Non-vault XP
 B = Vault XP
 C = Vault XP percentage of total XP
 D = Non-vault monster count
 E = Vault monster count
 F = Vault count percentage of total count
                 A         B        C        D         E       F
            +---------+---------+-------+---------+---------+-------
      Total |     146 |       7 |   4.6 |      46 |       4 |   8.0
            +---------+---------+-------+---------+---------+-------
        D:1 |      22 |       7 |  24.1 |      15 |       4 |  21.1
        D:2 |      31 |       0 |   0.0 |      18 |       0 |   0.0
        D:3 |      82 |       0 |   0.0 |      12 |       0 |   0.0
        D:6 |      11 |       0 |   0.0 |       1 |       0 |   0.0
            +---------+---------+-------+---------+---------+-------
